 Dungeon Crawl Stone Soup version 0.29-a0-317-gd16b76e6b1 (console) character file.

Game seed: 187075090253722263

467 Ignak the Skirmisher (level 7, -8/70 HPs)
             Began as an Ogre Warper on Apr 1, 2022.
             Killed from afar by an acid dragon (16 damage)
             ... with a splash of acid
             ... on level 4 of the Dungeon.
             The game lasted 00:07:14 (4694 turns).

Ignak the Skirmisher (Ogre Warper)                  Turns: 4694, Time: 00:07:16

Health: -8/70      AC:  1    Str: 18    XL:     7   Next: 8%
Magic:  0/4        EV: 10    Int: 16    God:
Gold:   103        SH:  0    Dex:  8    Spells: 4/13 levels left

rFire   . . .      SeeInvis .   t - +11 dagger {antimagic, *Slow Int+2 Stlth+}
rCold   + . .      Faith    .   (no shield)
rNeg    . . .      Spirit   .   b - +0 robe
rPois   .          Reflect  .   (helmet restricted)
rElec   .          Harm     .   (no cloak)
rCorr   .          Rampage  .   (gloves unavailable)
Will    +....                   (boots unavailable)
Stlth   ++........              (no amulet)
HPRegen 0.21/turn               g - ring of flight
MPRegen 0.09/turn               p - ring of protection from cold

@: corroded, on blink cooldown, flying
A: large, unfitting armour, tough skin 1, iridescent scales 1, strong-willed 1
a: no special abilities


You were on level 4 of the Dungeon.
You visited 1 branch of the dungeon, and saw 4 of its levels.

You collected 103 gold pieces.

Inventory:

Hand Weapons
 a - a +0 mace
 n - a +2 dagger of draining
 r - a +0 war axe
 t - the +11 dagger of the Supporting Viper (weapon) {antimagic, *Slow Int+2 Stlth+}
   (You found it on level 2 of the Dungeon)

   It reduces the magical energy of the wielder, and disrupts the spells and
   magical abilities of those it strikes.
   Natural abilities and divine invocations are not affected.
   Int:       It affects your intelligence (+2).
   *Slow:     It may slow you when you take damage.
   Stlth:     It makes you more stealthy.
Missiles
 d - 4 boomerangs of dispersal (quivered)
 l - 4 boomerangs
Armour
 b - a +0 robe (worn)
Jewellery
 g - a ring of flight (left hand)
 p - a ring of protection from cold (right hand)
Wands
 y - a wand of flame (16)
Scrolls
 c - a scroll of blinking
 e - a scroll of acquirement {unknown}
 f - a scroll of immolation
 j - a scroll of fog {unknown}
 o - a scroll of identify {unknown}
 q - a scroll of summoning {unknown}
 u - a scroll of magic mapping {unknown}
 v - a scroll of teleportation {unknown}
 z - a scroll of vulnerability {unknown}
Potions
 h - 2 potions of attraction {unknown}
 i - a potion of curing {unknown}
 k - a potion of lignification {unknown}
 m - a potion of mutation
 s - a potion of haste {unknown}
 w - a potion of magic {unknown}
 x - a potion of might {unknown}
 A - a potion of invisibility {unknown}


   Skills:
 + Level 4.2 Fighting
 * Level 3.7 Maces & Flails
 + Level 2.5 Throwing
 + Level 3.1 Dodging
 + Level 3.7 Spellcasting
 + Level 3.5 Translocations
 * Level 1.6 Poison Magic


You had 4 spell levels left.
You knew the following spells:

 Your Spells              Type           Power      Damage    Failure   Level
a - Teleport Other        Tloc           14%        N/A       12%         3
b - Blink                 Tloc           28%        N/A       6%          2
f - Olgreb's Toxic Radia  Pois           8%         N/A       65%         4

Your spell library contained the following spells:

 Spells                   Type           Power      Damage    Failure   Level
 Sting                    Tmut/Pois      20%        1d4       12%         1
 Gell's Gravitas          Tloc           14%        N/A       12%         3
 Lesser Beckoning         Tloc           14%        N/A       12%         3
 Poisonous Vapours        Pois/Air       10%        N/A       19%         2
 Stone Arrow              Conj/Erth      6%         3d7       45%         3
 Animate Armour           Summ/Erth      6%         N/A       86%         4
 Animate Dead             Necr           1%         N/A       86%         4
 Manifold Assault         Tloc           14%        N/A       75%         5
 Haunt                    Necr/Summ      1%         N/A       100%        7
 Infestation              Necr           1%         N/A       100%        8
 Lehudib's Crystal Spear  Conj/Erth      1%         10d2      100%        8


Dungeon Overview and Level Annotations

Branches:
Dungeon (4/15)
 Temple: D:4-7

Altars:
Trog


Innate Abilities, Weirdness & Mutations

You are too large for most types of armour.
You have tough skin. (AC +1)
You are partially covered in iridescent scales. (AC +2)
You are strong-willed. (Will+)


Message History

The acid dragon is heavily wounded.
The acid dragon bites you.
* * * LOW HITPOINT WARNING * * *
The acid dragon claws you.
* * * LOW HITPOINT WARNING * * *
The quokka barely misses you.
Casting: Blink (safe; 6% risk of failure)
Confirm with . or Enter, or press ? or * to list all spells.
You blink.
Aiming: Throw Flame
Press: ? - help, Shift-Dir - straight line, f - acid dragon
Aim: an acid dragon (heavily wounded, 68% to hit)
The puff of flame hits the acid dragon.
The acid dragon is severely wounded.
You hit the quokka.
The quokka is almost dead.
The quokka bites you.
* * * LOW HITPOINT WARNING * * *
It was a potion of mutation.
You feel extremely strange.
You feel strong-willed.
Iridescent scales grow over part of your body.
You feel stable enough to blink again. The quokka bites you.
* * * LOW HITPOINT WARNING * * *
Casting: Blink (safe; 6% risk of failure)
Confirm with . or Enter, or press ? or * to list all spells.
You blink.
Aiming: Throw Flame
Press: ? - help, Shift-Dir - straight line, f/p - acid dragon
Aim: an acid dragon (severely wounded, 68% to hit)
The puff of flame hits the quokka.
You kill the quokka!
Aiming: Throw Flame
Press: ? - help, Shift-Dir - straight line, f/p - acid dragon
Aim: an acid dragon (severely wounded, 68% to hit)
The puff of flame hits the acid dragon.
The acid dragon is almost dead.
The acid dragon spits acid at you. The splash of acid hits you!
You die...

##.# .. ##...# ... ###...... #.#
#####........ #.# ###............
#.# ###..D##......... # #.#
###......#.........
#######.###........##........
##..............@...#..)..... ..
##.###..##..........##....... #.
##.# #...#...........#......###.#
##.# #[#.##..........##...###.).#
##.# #.#..#...........#.###......
##.###.##.##........#####........
##.....##..#......###.#..........
.......'...##...###...##.........
###....###..#.###......#.........


You could see an acid dragon (catching breath).

Vanquished Creatures
  A black bear (D:2)
  Blork the orc (D:4)
  3 scorpions (D:4)
  A hound (D:2)
  3 adders
  A worm (D:2)
  2 dart slugs
  4 orcs (D:4)
  7 ball pythons
  5 endoplasms
  4 giant cockroaches
  10 goblins
  8 hobgoblins
  3 quokkas
  5 kobolds
  2 rats (D:2)
60 creatures vanquished.

Notes
Turn   | Place    | Note
-------+----------+-------------------------------------------
     0 | D:1      | Ignak the Ogre Warper began the quest for the Orb.
     0 | D:1      | Reached XP level 1. HP: 22/22 MP: 3/3
   323 | D:1      | Reached XP level 2. HP: 18/29 MP: 5/5
   675 | D:1      | Reached skill level 3 in Fighting
  1048 | D:1      | Learned a level 2 spell: Blink
  1055 | D:1      | Found a faded altar of an unknown god.
  1550 | D:2      | You are sucked into a shaft and drop 1 floor!
  1571 | D:3      | Reached XP level 3. HP: 36/37 MP: 6/6
  2092 | D:2      | Identified the +11 dagger of the Supporting Viper
                  | {antimagic, *Slow Int+2 Stlth+}
  2152 | D:2      | Reached XP level 4. HP: 6/45 MP: 6/8
  2452 | D:2      | Noticed a black bear
  2468 | D:2      | Killed a black bear
  2469 | D:2      | Reached XP level 5. HP: 14/54 MP: 3/9
  3614 | D:3      | Learned a level 3 spell: Teleport Other
  3619 | D:3      | Learned a level 4 spell: Olgreb's Toxic Radiance
  3864 | D:4      | Reached XP level 6. HP: 51/62 MP: 3/11
  3902 | D:4      | Found a bloodstained altar of Trog.
  4082 | D:4      | Noticed Blork the orc
  4091 | D:4      | Killed Blork the orc
  4092 | D:4      | Reached skill level 4 in Fighting
  4092 | D:4      | Reached skill level 1 in Poison Magic
  4393 | D:4      | Reached XP level 7. HP: 39/70 MP: 4/12
  4691 | D:4      | Gained mutation: You are strong-willed. (Will+) [potion of
                  | mutation]
  4691 | D:4      | Gained mutation: You are partially covered in iridescent
                  | scales. (AC +2) [potion of mutation]
  4694 | D:4      | Killed from afar by an acid dragon

Illustrated notes

Levels and vault maps discovered:
D:1:      wander_arrival_desolate, layout_rooms,
          chequers_ecumenical_altar_simple, item_on_display_a
D:2:      layout_basic, kennysheep_another_room, minivault_14
D:3:      layout_rooms
D:4:      minmay_skewed_foursquare, layout_basic, mainiacjoe_overflow_alcove_4,
          lemuel_tele_altar, mainiacjoe_overflow_concentric_impassable,
          minmay_misc_feat_four_crosses, guppyfry_early_lair_pool,
          uniq_blork_the_orc, uniq_natasha, uniq_ijyb

Skill      XL: |  1  2  3  4  5  6 |
---------------+-------------------+-----
Fighting       | 3 4 |  4.2
Maces & Flails | 2 3 |  3.7
Spellcasting   | 3 |  3.7
Translocations | 3 |  3.5
Throwing       | 2 |  2.5
Dodging        | 3 |  3.1
Poison Magic   | 1 |  1.6

Action                   |  1- 3 |  4- 6 |  7- 9 || total
-------------------------+-------+-------+-------++-------
Melee: Mace              |    68 |     2 |       ||    70
       Dagger            |    57 |    84 |     9 ||   150
       War axe           |     5 |       |       ||     5
       Punch             |       |     1 |       ||     1
Throw: Boomerang         |     3 |       |       ||     3
 Cast: Blink             |     1 |       |     2 ||     3
Evoke: Wand              |       |       |     3 ||     3
  Use: Scroll            |       |     1 |       ||     1
       Potion            |       |       |     1 ||     1
 Stab: Sleeping          |       |     2 |     1 ||     3
Armor: Robe              |    42 |    14 |     4 ||    60
Dodge: Dodged            |    84 |    35 |     4 ||   123

Table legend: (Time is in decaauts)
 A = Elapsed time spent in this place.
 B = Non-inter-level travel time spent in this place.
 C = Inter-level travel time spent in this place.
 D = Time resting spent in this place.
 E = Time spent auto-exploring this place.
 F = Levels seen in this place.
 G = Mean time per level.
                   A        B        C        D        E       F      G
               +--------+--------+--------+--------+--------+-----+--------+
         Total |   4716 |   4638 |     78 |   1898 |   1974 |   4 | 1179.0 |
       Dungeon |   4716 |   4638 |     78 |   1898 |   1974 |   4 | 1179.0 |
               +--------+--------+--------+--------+--------+-----+--------+

Top non-repeatable levels by time:
     D:2: 1731 daAuts
     D:1: 1569 daAuts
     D:4: 882 daAuts
     D:3: 533 daAuts
